Map: Deathaura LE

Players

NoFate - Winner!

  • Race: Protoss Protoss
  • League: Diamond
  • Spawn Location: 11:00

RyuKey

  • Race: Terran Terran
  • League: Diamond
  • Spawn Location: 5:00

VOD

Have the link to the VOD?

Description

Time

  • Played on: June 21, 2020, 4:11 p.m.
  • Length: 24:41
Show
View Real Time Build Order
Export as new Build Order

NoFate Protoss - Winner!

Build Orders: 1 Gate Expand, Blink Stalkers 

Get SALT Encoding   

  12  0:00  Probe  
  13  0:13  Probe  
  14  0:17  Pylon  
  14  0:23  Probe  
  15  0:31  Probe  
  16  0:38  Gateway  
  16  0:39  Probe  
  17  0:51  Probe  
  18  0:59  Assimilator  
  18  1:00  Probe  
  19  1:08  Probe  
  19  1:17  Probe  
  21  1:28  Nexus  
  22  1:39  Cybernetics Core, Probe  
  22  1:49  Assimilator  
  22  1:54  Probe  
  22  1:55  Pylon  
  23  2:06  Adept  
  23  2:13  Probe  
  24  2:18  Pylon  
  24  2:19  Warp Gate  
  24  2:22  Pylon  
  26  2:34  Twilight Council  
  26  2:40  Probe  
  26  2:41  Probe  
  28  2:45  Stalker  
  28  2:53  Probe  
  29  3:19  Robotics Facility, Gateway  
  29  3:41  Stalker  
  31  3:57  Blink, Probe  
  31  3:58  Probe  
  31  4:01  Assimilator  
  33  4:09  Probe  
  34  4:10  Probe  
  35  4:22  Probe x2  
  37  4:24  Warp Prism  
  35  4:34  Probe  
  38  4:39  Stalker x2  
  38  4:42  Probe  
  43  4:46  Probe  
  43  4:49  Assimilator  
  44  4:53  Gateway  
  44  4:54  Pylon, Probe  
  44  4:56  Gateway  
  44  4:58  Probe  
  46  5:03  Observer  
  47  5:16  Pylon  
  47  5:19  Pylon  
  47  5:23  Gateway  
  47  5:24  Probe x2  
  49  5:36  Probe x2  
  49  5:40  Immortal  
  51  5:48  Probe  
  55  5:59  Templar Archives  
  55  6:01  Stalker x2, Templar Archives  
  54  6:23  Immortal  
  54  6:34  Psionic Storm  
  54  6:39  Probe x2  
  60  6:47  High Templar x2  
  60  6:51  Probe x2  
  66  7:04  Zealot x2  
  66  7:07  Charge  
  70  7:21  Forge, Zealot x2  
  74  7:32  High Templar  
  76  7:54  Stalker  
  76  7:55  Stalker x2  
  76  7:58  Protoss Ground Weapons Level 1  
  82  8:03  Photon Cannon  
  82  8:05  Photon Cannon  
  82  8:06  Zealot  
  82  8:07  Shield Battery  
  84  8:16  High Templar  
  86  8:20  Gateway  
  86  8:22  Gateway  
  86  8:33  Pylon  
  86  8:38  Pylon  
  86  8:51  Probe x2  
  87  9:03  Probe x2  
  89  9:14  Zealot x5  
  89  9:15  Probe  
  96  9:35  Nexus  
  96  9:37  Pylon  
  96  9:39  Photon Cannon  
  96  9:42  Photon Cannon  
  96  9:45  Pylon  
  96  9:49  Assimilator  
  94  10:15  Probe x2, Photon Cannon  
  94  10:18  Photon Cannon  
  94  10:20  Zealot x3  
  102  10:21  Shield Battery  
  102  10:31  Protoss Ground Weapons Level 2  
  100  10:39  High Templar x2  
  104  10:46  Probe x2  
  104  10:49  Robotics Facility  
  106  10:53  Pylon  
  106  10:54  Robotics Facility  
  106  10:58  Probe x2  
  106  11:03  Zealot x3  
  114  11:08  Assimilator  
  114  11:10  Probe  
  115  11:22  Nexus  
  115  11:29  Zealot x4  
  71  11:56  Archon  
  71  11:57  Zealot x2  
  71  11:58  Zealot x2  
  79  12:03  Probe x3  
  79  12:05  Immortal  
  79  12:06  Immortal  
  79  12:08  Pylon  
  82  12:15  Probe x3  
  85  12:18  Robotics Bay  
  85  12:20  Forge  
  93  12:23  Gateway  
  93  12:27  Probe  
  93  12:29  High Templar x5  
  104  12:38  Assimilator  
  104  12:42  Assimilator  
  104  12:46  Photon Cannon  
  104  12:48  Shield Battery  
  104  12:52  Dark Shrine  
  104  12:56  Photon Cannon  
  102  12:59  Photon Cannon, Colossus  
  102  13:00  Colossus  
  102  13:01  Zealot x3  
  120  13:23  Gravitic Drive  
  120  13:25  Protoss Ground Armor Level 1  
  120  13:29  Protoss Ground Weapons Level 3  
  120  13:40  Colossus  
  120  13:41  Observer  
  120  13:48  High Templar x3  
  124  13:49  High Templar x3  
  124  13:53  High Templar  
  140  13:56  Colossus  
  146  14:13  Pylon x2  
  146  14:16  Probe  
  146  14:19  Probe  
  146  14:20  Probe  
  149  14:25  Gateway  
  149  14:26  Colossus  
  149  14:27  Gateway  
  155  14:54  Photon Cannon  
  155  14:55  Shield Battery  
  155  14:57  Nexus  
  144  15:16  Zealot x3  
  144  15:17  Zealot x4  
  132  15:35  Archon x4  
  108  15:42  Stalker x5  
  114  15:49  High Templar x2  
  118  15:56  Pylon  
  118  16:00  Pylon  
  118  16:07  Pylon  
  118  16:10  High Templar x3  
  118  16:11  High Templar x2  
  128  16:24  Dark Templar x3  
  134  16:45  Archon  
  118  17:05  Zealot x4  
  118  17:06  Zealot x4  
  118  17:29  High Templar x3  
  120  17:30  High Templar x5  
  129  17:52  Assimilator  
  129  17:54  Assimilator  
  128  18:01  Stalker x2  
  128  18:02  Stalker x6  
  144  18:07  Protoss Shields Level 1, Protoss Ground Armor Level 2  
  144  18:09  Probe x4  
  144  18:10  Probe  
  147  18:20  Pylon  
  147  18:21  Photon Cannon, Probe x4  
  147  18:23  Photon Cannon  
  147  18:24  Photon Cannon  
  147  18:25  Observer x2  
  151  18:30  Gravitic Boosters  
  153  18:43  Stargate, Observer  
  154  18:49  Photon Cannon  
  154  18:58  Dark Templar  
  154  18:59  Dark Templar  
  158  19:03  Photon Cannon  
  158  19:06  Photon Cannon  
  158  19:12  Photon Cannon  
  158  19:13  Shield Battery  
  158  19:20  Dark Templar x3  
  164  19:36  Stargate  
  164  19:38  Stargate  
  164  19:40  Fleet Beacon  
  164  19:53  Colossus x2  
  172  20:14  Dark Templar x3  
  172  20:16  Shadow Stride  
  156  21:15  Zealot x4  
  156  21:16  Zealot x4  
  172  21:18  Tempest  
  172  21:19  Tempest  
  172  21:30  Protoss Ground Armor Level 3  
  182  21:37  Stargate  
  182  21:39  Stargate  
  182  21:43  Protoss Air Weapons Level 1  
  182  21:49  Tempest  
  187  21:55  Zealot x4  
  187  21:56  Zealot x2  
  113  22:39  Dark Templar  
  113  22:40  Dark Templar x3  
  113  22:41  Tempest x3  
  123  22:55  Colossus x2  
  114  23:03  Zealot x4  
  128  23:29  Archon x2  
  128  23:43  Nexus  
  128  23:45  Pylon  
  128  23:46  Pylon x2  
  128  23:49  Assimilator  
  128  23:50  Zealot x4  
  128  23:51  Assimilator  
  128  23:52  High Templar x2  
  128  23:53  High Templar  
  135  24:26  Zealot x4  
Show
View Real Time Build Order
Export as new Build Order

RyuKey Terran 

Build Orders: Reaper Expand 

Get SALT Encoding   

  12  0:00  SCV  
  13  0:13  SCV  
  14  0:17  Supply Depot  
  14  0:25  SCV  
  15  0:39  Barracks, SCV  
  16  0:44  Refinery  
  16  0:51  SCV  
  17  1:03  SCV  
  18  1:18  SCV  
  19  1:28  Reaper  
  20  1:33  Orbital Command  
  20  1:49  Command Center  
  20  1:58  SCV  
  20  2:08  Barracks Reactor  
  20  2:10  SCV, Supply Depot  
  21  2:21  Refinery  
  21  2:22  SCV  
  22  2:25  Factory  
  22  2:34  SCV  
  23  2:37  Bunker  
  23  2:45  Marine x2  
  23  2:46  SCV  
  26  2:59  SCV  
  26  3:03  Marine x2  
  29  3:11  SCV  
  30  3:17  Factory Tech Lab  
  30  3:20  Starport, Orbital Command  
  30  3:21  Marine x2  
  30  3:23  SCV  
  33  3:35  SCV  
  33  3:40  Marine x2  
  36  3:47  SCV  
  36  3:51  Factory Tech Lab, SCV  
  36  3:57  Marine  
  36  3:58  Bunker  
  36  4:00  SCV  
  38  4:04  SCV  
  39  4:12  SCV  
  40  4:31  Banshee, SCV, Cloaking Field  
  40  4:33  SCV  
  40  4:38  Marine x2  
  46  4:44  Supply Depot  
  46  4:46  Supply Depot  
  46  4:59  SCV  
  46  5:05  Bunker  
  46  5:06  SCV, Siege Tank  
  50  5:07  Supply Depot  
  50  5:11  SCV  
  51  5:14  Banshee  
  51  5:18  SCV  
  55  5:23  SCV  
  56  5:29  Supply Depot  
  56  5:30  SCV, Engineering Bay  
  56  5:34  Refinery  
  57  5:35  Refinery  
  57  5:36  SCV  
  57  5:38  Siege Tank  
  57  5:42  SCV  
  60  5:48  SCV  
  60  5:54  SCV  
  61  5:58  Marine x2  
  61  6:00  SCV  
  61  6:02  Barracks  
  64  6:05  Barracks  
  64  6:06  SCV  
  65  6:12  SCV, Raven  
  65  6:18  SCV, Command Center  
  68  6:19  Marine x2, Siege Tank  
  68  6:24  SCV  
  68  6:25  Ghost Academy  
  75  6:30  SCV  
  76  6:36  SCV  
  77  6:42  SCV  
  77  6:46  Terran Infantry Weapons Level 1  
  78  6:51  Supply Depot  
  78  6:52  Supply Depot  
  78  6:54  Engineering Bay, Barracks Tech Lab  
  78  7:10  Starport Reactor  
  78  7:12  Marine x3, SCV x2, Siege Tank  
  86  7:17  Personal Cloaking, Supply Depot  
  86  7:20  Supply Depot  
  86  7:22  Stimpack  
  86  7:23  Armory  
  86  7:24  SCV x2  
  88  7:30  Marine x2, Supply Depot x2  
  88  7:32  Orbital Command  
  88  7:36  SCV x2  
  92  7:39  Marine  
  92  7:40  Marine  
  94  7:48  Marine x2  
  94  7:49  SCV x2  
  98  7:53  Orbital Command  
  98  7:54  Combat Shield  
  98  7:58  Marine x2  
  100  7:59  Medivac, Siege Tank  
  100  8:01  SCV x2  
  107  8:05  Marine  
  107  8:06  Marauder  
  107  8:12  Medivac  
  112  8:15  Marine  
  112  8:16  Marine  
  114  8:22  SCV  
  114  8:23  Marine, SCV x2  
  118  8:27  Marine  
  118  8:31  Siege Tank  
  118  8:33  Marine x2  
  124  8:36  Missile Turret  
  124  8:43  Supply Depot  
  124  8:45  Refinery  
  124  8:46  Marine  
  124  8:48  Refinery, Terran Infantry Armor Level 1  
  127  8:51  Marine  
  127  8:52  Supply Depot  
  127  9:13  Unknown  
  127  9:16  Orbital Command  
  118  9:20  Unknown  
  118  9:35  Marine x2  
  118  9:36  Marine x2  
  118  9:37  Siege Tank  
  125  9:43  Refinery  
  122  9:53  Marine x4  
  126  10:11  Marine x4  
  130  10:23  Barracks  
  130  10:24  Barracks  
  130  10:25  Barracks x2, Command Center  
  130  10:26  Barracks  
  130  10:29  Marine x3  
  130  10:33  Marauder  
  134  10:53  Terran Infantry Weapons Level 2, Terran Infantry Armor Level 2  
  134  11:03  Missile Turret  
  134  11:04  Missile Turret  
  134  11:06  Command Center, Supply Depot  
  134  11:07  Supply Depot  
  134  11:10  Enhanced Shockwaves, Marine, Marauder, Siege Tank, Viking  
  142  11:23  Missile Turret  
  142  11:26  Missile Turret  
  142  11:27  Marine x2  
  142  11:28  Marauder  
  139  11:45  Marine  
  91  12:00  Marauder x2, Orbital Command  
  89  12:02  Supply Depot  
  89  12:05  SCV x2  
  89  12:06  Barracks Tech Lab x2  
  89  12:07  Barracks Reactor x2  
  91  12:08  Medivac  
  91  12:09  Medivac  
  91  12:13  Marine x2  
  91  12:14  Siege Tank  
  100  12:19  Planetary Fortress  
  100  12:21  Marine  
  100  12:22  Marauder  
  103  12:31  Marine  
  103  12:37  Marine  
  108  12:39  Marauder  
  113  12:46  Siege Tank  
  116  12:55  Marine x3  
  116  12:56  Marine x3  
  121  13:00  Marine  
  121  13:04  Marauder, Unknown x2  
  122  13:06  Marauder  
  122  13:11  Marauder, Unknown  
  125  13:17  SCV x4  
  125  13:19  Marauder  
  131  13:21  Marine x6  
  139  13:29  SCV x2  
  139  13:32  Marine, Nuke  
  144  13:34  Siege Tank  
  144  13:36  Concussive Shells  
  147  13:42  Marine x6  
  155  13:53  Supply Depot  
  155  13:54  Marine, Unknown  
  155  13:55  Marine, Unknown, Supply Depot  
  158  13:56  Supply Depot  
  158  13:58  Supply Depot  
  158  14:00  Marine x6  
  165  14:04  Missile Turret  
  165  14:06  Medivac x2  
  169  14:10  Marauder, Unknown  
  169  14:15  Marine x2  
  169  14:16  Terran Infantry Weapons Level 3, Terran Infantry Armor Level 3  
  173  14:19  Unknown  
  173  14:34  Marine x9  
  173  14:35  Marauder  
  184  14:52  Marine  
  187  14:53  Marauder  
  113  15:44  Marauder x3  
  113  15:45  Marauder  
  113  15:46  Siege Tank  
  113  15:48  Marine x6  
  130  15:59  SCV  
  130  16:04  Nuke  
  131  16:05  Refinery, Marine x2, Starport  
  131  16:06  Marauder  
  131  16:08  Refinery  
  137  16:18  Siege Tank  
  140  16:24  Marine x8  
  147  16:27  Marine  
  145  16:34  Marauder, Unknown  
  141  16:42  Marine  
  120  16:50  Siege Tank  
  106  17:03  Starport Reactor  
  106  17:14  Marine x7  
  106  17:15  Marauder  
  102  17:31  Marine x3  
  102  17:32  Marine x2, Marauder  
  109  17:42  Viking x4  
  103  17:47  Marine  
  103  17:48  Marine x4  
  103  17:49  Marine x2, Siege Tank  
  113  17:54  Marauder  
  115  18:03  Command Center  
  115  18:06  Marauder  
  115  18:09  Orbital Command  
  115  18:11  Marine x6  
  115  18:12  Viking x2  
  123  18:21  Siege Tank  
  126  18:29  Marine  
  129  18:39  Unknown x2  
  131  18:43  Unknown  
  131  18:56  Unknown  
  131  18:57  Marauder x3  
  137  19:07  Unknown  
  137  19:23  Planetary Fortress  
  141  19:47  Unknown  
  141  19:48  Unknown x2  
  141  19:53  Marine x7  
  141  19:54  Marauder  
  143  20:19  Marine x5  
  143  20:20  Marauder  
  141  20:51  Orbital Command  
  132  21:11  Marine  
  133  21:19  Marine, Missile Turret, Siege Tank  
  133  21:20  Marine x7, Marauder  
  145  21:28  Command Center  
  145  21:37  Viking x3  
  145  21:38  Marauder  
  153  21:45  Marine  
  153  21:46  Marine x3  
  157  22:01  Siege Tank  
  63  23:05  Orbital Command  
  62  23:29  Marine  
  62  23:30  Marine x3  
Tags
 
Add a new tag
Caveats
  • Supply blocks, unpowered buildings, or Contaminate may cause inaccurate times.
  • Supply counts are checked every 10 seconds.